 Dungeon Crawl Stone Soup version 0.23.2-1-ga50397a (webtiles) character file.

Game seed: 5463900233894215274

118 MalarOregon the Poker (level 5, 0/63 HPs)
             Began as a Merfolk Gladiator on May 13, 2019.
             Succumbed to a scorpion's poison
             ... on level 2 of the Dungeon.
             The game lasted 00:02:49 (1750 turns).

MalarOregon the Poker (Merfolk Gladiator)           Turns: 1750, Time: 00:02:50

Health: 0/63       AC: 22    Str: 15    XL:     5   Next: 2%
Magic:  5/5        EV:  2    Int:  8    God:
Gold:   13         SH:  0    Dex: 20    Spells: 4/4 levels left

rFire    . . .     SeeInvis .   a - +0 trident
rCold    . . .     Gourm    .   (no shield)
rNeg     + + +     Faith    .   (armour currently unavailable)
rPois    +         Spirit   .   (helmet currently unavailable)
rElec    .         Reflect  .   (cloak currently unavailable)
rCorr    .         Harm     .   (gloves currently unavailable)
MR       .....     NoTele   +   (boots currently unavailable)
Stlth    +++.......             (no amulet)
HPRegen  0.20/turn              (no ring)
MPRegen  0.09/turn              (no ring)

@: agile, lethally poisoned (0 -> -1), tree-form (expiring)
A: (change form in water), (swift swim), (stealthy swim)
a: no special abilities


You were on level 2 of the Dungeon.
You were not hungry.
You were a tree.
You visited 1 branch of the dungeon, and saw 2 of its levels.

You collected 13 gold pieces.

Inventory:

Hand Weapons
 a - a +0 trident (weapon)
Missiles
 d - 3 throwing nets (quivered) {!f}
Armour
 b - a +0 leather armour (melded)
 c - a +0 helmet (melded)
Potions
 h - a potion of lignification {!q}
Comestibles
 e - 3 rations {!d}
 f - a chunk of flesh


   Skills:
 + Level 4.1 Fighting
 + Level 6.5 Polearms
 - Level 2.0 Throwing
 - Level 4.0 Dodging


You had 4 spell levels left.
You didn't know any spells.
Your spell library was empty.

Dungeon Overview and Level Annotations

Branches:
Dungeon (2/15)

Altars:

Annotations:
D:2 Natasha


Message History

You puncture the bat!
You kill the bat!
* * * LOW HITPOINT WARNING * * *
You feel sick.
Unknown command.
It was a potion of agility.
You feel agile all of a sudden.
* * * LOW HITPOINT WARNING * * *
You feel sick.
It was a potion of flight.
Your roots keep you in place.
Unknown command.
You cannot move.
Unknown command.
There is a lethal amount of poison in your body!
There is a lethal amount of poison in your body!
There is a lethal amount of poison in your body!
Okay, then.
As you read the scroll labeled DIK YRI ILUDD, it crumbles to dust.
You hear a loud clanging noise!
It was a scroll of noise.
* * * LOW HITPOINT WARNING * * *
You feel sick.
You hear an angry hiss.
You hear a shout!
You hear an angry hiss.
As you read the scroll labeled LACEUC XAYMMA, it crumbles to dust.
It is a scroll of identify.
i - a scroll of fog
* * * LOW HITPOINT WARNING * * *
You feel sick.
As you read the scroll of fog, it crumbles to dust.
The scroll dissolves into smoke.
Unknown command.
You don't know any spells.
Your library has no spells.
* * * LOW HITPOINT WARNING * * *
You feel sick.
* * * LOW HITPOINT WARNING * * *
You feel sick.
Unknown command.
* * * LOW HITPOINT WARNING * * *
You feel sick.
Unknown command.
Your transformation is almost over.
* * * LOW HITPOINT WARNING * * *
You feel sick.
Unknown command.
Unknown command.
Unknown command.
* * * LOW HITPOINT WARNING * * *
You feel sick.
You die...

#.# #.# ...
#.##### .. ..#
#...<.# ..# #..#
#####.#
...######...#
#.##
....(.§...#.#
#).#
......§§....#
##.# .....§§§§#
. . #..
......§§♣##....
... ##.
......§§§§......
.....###
......§§§##.....
#.... (........#
.... ##...
.........# ...
##.. .........#
.. s..
.........# #
##.. ##........
##. ###...... #.


There were no monsters in sight!

Vanquished Creatures
  A scorpion (D:2)
  3 gnolls
  An ooze (D:1)
  2 worms (D:1)
  4 goblins
  A hobgoblin (D:1)
  3 jackals (D:2)
  A quokka (D:2)
  5 bats
  4 frilled lizards
  6 kobolds
  7 rats
38 creatures vanquished.

Notes
Turn   | Place    | Note
-------+----------+-------------------------------------------
     0 | D:1      | MalarOregon the Merfolk Gladiator began the quest for the
                  | Orb.
     0 | D:1      | Reached XP level 1. HP: 16/16 MP: 1/1
   142 | D:1      | Reached XP level 2. HP: 21/23 MP: 2/2
   197 | D:1      | Reached skill level 5 in Polearms
   716 | D:1      | Reached XP level 3. HP: 14/29 MP: 3/3
   919 | D:2      | Noticed Natasha
   925 | D:2      | Noticed a scorpion
  1402 | D:2      | Reached XP level 4. HP: 20/35 MP: 4/4
  1611 | D:1      | Reached skill level 6 in Polearms
  1732 | D:2      | Reached XP level 5. HP: 8/42 MP: 5/5
  1739 | D:2      | HP: 3/63 [poisoned by a scorpion]
  1744 | D:2      | HP: 1/63 [poisoned by a scorpion]
  1750 | D:2      | Succumbed to a scorpion's poison

Skill      XL: |  1  2  3  4 |
---------------+-------------+-----
Polearms       | 5 6 |  6.5
Fighting       | 3 4 |  4.1
Throwing       | |  2.0
Dodging        | |  4.0

Action                   |  1- 3 |  4- 6 || total
-------------------------+-------+-------++-------
Melee: Trident           |    77 |    55 ||   132
  Use: Scroll            |     1 |     3 ||     4
       Potion            |       |     3 ||     3
 Stab: Sleeping          |     1 |       ||     1
  Eat: Chunk             |       |     3 ||     3
Armor: Leather armour    |     8 |    10 ||    18
       Skin              |       |     4 ||     4
Dodge: Dodged            |    37 |    29 ||    66
